 Dungeon Crawl Stone Soup version 0.27-a0-1312-g5cdb2b3542 (webtiles) character file.

Game seed: 4401369489328663774

41 junkies the Skirmisher (level 3, -4/33 HPs)
             Began as a Minotaur Abyssal Knight on June 19, 2021.
             Was a Follower of Lugonu.
             Slain by Terence (9 damage)
             ... on level 1 of the Dungeon.
             The game lasted 00:02:39 (1634 turns).

junkies the Skirmisher (Minotaur Abyssal Knight)    Turns: 1634, Time: 00:02:40

Health: -4/33      AC:  3    Str: 17    XL:     3   Next: 32%
Magic:  3/3        EV: 11    Int:  9    God:    Lugonu [*.....]
Gold:   57         SH:  0    Dex:  9    Spells: 2/2 levels left

rFire    . . .     SeeInvis .   a - +1 hand axe
rCold    . . .     Faith    .   (no shield)
rNeg     . . .     Spirit   .   b - +0 leather armour
rPois    .         Reflect  .   (helmet restricted)
rElec    .         Harm     .   k - scarf {repulsion}
rCorr    .         Rampage  .   (no gloves)
Will     .....                  (no boots)
Stlth    +.........             (no amulet)
HPRegen  0.11/turn              (no ring)
MPRegen  0.08/turn              (no ring)

@: repel missiles
A: horns 2, retaliatory headbutt
a: Renounce Religion, Depart the Abyss


You were on level 1 of the Dungeon.
You worshipped Lugonu.
Lugonu was aware of your devotion.
You visited 1 branch of the dungeon, and saw 2 of its levels.
You visited the Abyss 1 time.

You collected 57 gold pieces.

Inventory:

Hand Weapons
 a - a +1 hand axe (weapon)
 c - a +0 hunting sling
Armour
 b - a +0 leather armour (worn)
 k - a scarf of repulsion (worn)
Jewellery
 g - a ring of fire
Scrolls
 d - a scroll of enchant armour {unknown}
 e - a scroll of noise {unknown}
 f - 3 scrolls of identify {unknown}
 h - a scroll of magic mapping {unknown}
Potions
 i - a potion of curing {unknown}
 j - a potion of heal wounds {unknown}
 l - 2 potions of invisibility {unknown}


   Skills:
 + Level 4.2 Fighting
 * Level 4.1 Axes
 - Level 2.4 Armour
 - Level 1.1 Dodging
 - Level 1.7 Invocations


You had 2 spell levels left.
You didn't know any spells.
Your spell library contained the following spells:

 Spells                   Type           Power      Damage    Failure   Level
 Beastly Appendage        Tmut           0%         N/A       43%         1
 Wereblood                Tmut           0%         N/A       58%         2
 Spider Form              Tmut/Pois      0%         N/A       82%         3
 Ice Form                 Ice/Tmut       0%         N/A       99%         4


Dungeon Overview and Level Annotations

Branches:
Dungeon (2/15)

Altars:

Annotations:
D:1 Terence


Innate Abilities, Weirdness & Mutations

You have a pair of horns on your head.
You reflexively headbutt those who attack you in melee.


Message History

You start waiting.
Unknown command.
You start waiting.
A hobgoblin comes into view.
The hobgoblin shouts!
You closely miss the hobgoblin. You headbutt the hobgoblin.
You kill the hobgoblin!
Lugonu accepts your kill.
No target in view!
No target in view!
You start waiting.
Terence the Incautious comes into view.
He is wielding a +0 flail and wearing a +2 ring mail of poison resistance.
Terence is nearby!
Okay, then.
Terence shouts!
You see here a bat skeleton.
You see here an adder skeleton.
There is a stone staircase leading up here.
Terence hits you with a +0 flail!
You climb upwards.
There is a stone staircase leading down here.
Terence closely misses you. You furiously retaliate!
You headbutt Terence, but do no damage. Terence barely misses you.
Terence bares his teeth.
You hit Terence.
Terence is lightly wounded.
Terence hits you with a +0 flail.
You hit Terence but do no damage. Your headbutt misses Terence.
Terence is lightly wounded.
Terence hits you with a +0 flail.
You barely miss Terence.
Terence is lightly wounded.
Terence hits you with a +0 flail!
You slash Terence!
Terence is heavily wounded.
Terence hits you with a +0 flail!
* * * LOW HITPOINT WARNING * * *
Terence hits you with a +0 flail!
You die...

######### #......†.
#########################.#######
>................................
.##########...#####.#####.#####.#
......### #....###...###...###...
........# #.....#@....#.....#....
.##.#.#.# #.....@#####.......####
......#.# #.......###....<....###
.##.###.# #........#...........#.
.##.# #.# #.#.#.....#####.#####..
....###.# #.#..#.....###...###...
.....##.###.##.##.....#.....#....
.....'.................#####.....
.....##.###.#...........###......
.....##.#.#.#..##........#.......


You could see Terence.

Vanquished Creatures
  2 adders
  An adder skeleton (D:2)
  A dart slug (D:2)
  A ball python (D:1)
  An endoplasm (D:2)
  A goblin (D:2)
  3 hobgoblins
  2 quokkas
  2 bats
  2 frilled lizards (D:2)
  3 rats
19 creatures vanquished.

Notes
Turn   | Place    | Note
-------+----------+-------------------------------------------
     0 | Abyss:1  | junkies the Minotaur Abyssal Knight began the quest for the
                  | Orb.
     0 | Abyss:1  | Reached XP level 1. HP: 19/19 MP: 1/1
    48 | Abyss:2  | Noticed a large abomination
    53 | Abyss:2  | Noticed a revenant
    54 | D:1      | Escaped the Abyss
   814 | D:1      | Reached XP level 2. HP: 27/27 MP: 2/2
  1211 | D:2      | Reached XP level 3. HP: 33/33 MP: 3/3
  1390 | D:2      | Reached * piety under Lugonu
  1552 | D:2      | Noticed Terence
  1634 | D:1      | Slain by Terence

Illustrated notes

Levels and vault maps discovered:
D:1:      onia_arrival_pyramid, layout_basic
D:2:      layout_rooms, uniq_terence

Skill      XL: |  1  2  3 |
---------------+----------+-----
Axes           | 3 4 |  4.1
Fighting       | 4 |  4.2
Armour         | |  2.4
Dodging        | |  1.1
Invocations    | |  1.7

Action                   || total
-------------------------++-------
Melee: Hand axe          ||    49
       Headbutt          ||     4
Invok: Depart the Abyss  ||     1
Armor: Leather armour    ||    15
Dodge: Dodged            ||    31

Table legend: (Time is in decaauts)
 A = Elapsed time spent in this place.
 B = Non-inter-level travel time spent in this place.
 C = Inter-level travel time spent in this place.
 D = Time resting spent in this place.
 E = Time spent auto-exploring this place.
 F = Levels seen in this place.
 G = Mean time per level.
                   A        B        C        D        E       F      G
               +--------+--------+--------+--------+--------+-----+--------+
         Total |   1644 |   1577 |     67 |    557 |    731 |   4 |  411.0 |
       Dungeon |   1588 |   1521 |     67 |    557 |    731 |   2 |  794.0 |
         Abyss |     56 |     56 |      0 |      0 |      0 |   2 |   28.0 |
               +--------+--------+--------+--------+--------+-----+--------+

Top non-repeatable levels by time:
     D:1: 954 daAuts
     D:2: 633 daAuts
 Abyss:2: 41 daAuts
 Abyss:1: 14 daAuts
